 Dungeon Crawl Stone Soup version 0.30.1-11-g7821555f0a (webtiles) character file.

Game seed: 4858983484241385842

37 CaptainMV the Charlatan (level 3, -1/28 HPs)
             Began as a Naga Wanderer on Jan 16, 2024.
             Slain by an adder (3 damage)
             ... on level 2 of the Dungeon.
             The game lasted 00:06:44 (965 turns).

CaptainMV the Charlatan (Naga Wanderer)              Turns: 965, Time: 00:06:47

Health: -1/28      AC:  5    Str: 16    XL:     3   Next: 39%
Magic:  3/3        EV:  9    Int: 10    God:
Gold:   61         SH:  0    Dex: 12    Spells: 2/2 levels left

rFire   . . .        a - +2 sling
rCold   . . .        (no shield)
rNeg    . . .        e - +0 leather armour
rPois   +            (no helmet)
rElec   .            (no cloak)
rCorr   .            l - +2 pair of gloves
SInv    +            (no barding)
Will    .....        (no amulet)
Stlth   +            (no ring)
HPRegen 0.24/turn    (no ring)
MPRegen 0.08/turn

%: no passive effects
@: very slow
A: AC +1, large, see invisible, deformed body, poison resistance, slowness 2,
spit poison 1, naga tail 1
a: Spit Poison


You were on level 2 of the Dungeon.
You visited 1 branch of the dungeon, and saw 2 of its levels.

You collected 61 gold pieces.

Inventory:

Hand Weapons
 a - a +2 sling (weapon)
 b - a +0 hand axe
Missiles
 f - 7 poisoned darts
Armour
 e - a +0 leather armour (worn)
 l - a +2 pair of gloves (worn)
Wands
 c - a wand of flame (7) (quivered)
Potions
 d - 2 potions of attraction
 h - a potion of flight {unknown}
 j - a potion of brilliance {unknown}
 k - a potion of mutation {unknown}


   Skills:
 + Level 0.1 Fighting
 + Level 3.2 Axes
 + Level 2.8 Ranged Weapons
 + Level 1.0 Throwing
 + Level 1.0 Armour
 + Level 0.1 Dodging
 + Level 0.4 Stealth
 + Level 3.2 Evocations


You had 2 spell levels left.
You didn't know any spells.
Your spell library contained the following spells:

 Spells                   Type           Power      Damage    Failure   Level
 Vhi's Electric Charge    Tloc/Air       0%         N/A       80%         3
 Arcjolt                  Conj/Air       0%         1d10      100%        5
 Plasma Beam              Fire/Air       0%         2x1d11    100%        6


Dungeon Overview and Level Annotations

Branches:
Dungeon (2/15)

Altars:


Innate Abilities, Weirdness & Mutations

Your serpentine skin is tough. (AC +1)
You have supernaturally acute eyesight. (SInv)
Armour fits poorly on your strangely shaped body.
Your system is resistant to poisons. (rPois)
You cover ground very slowly.
You can spit poison.
You have a snake-like lower body.


Message History

You feel sick. The adder bites you but does no damage.
The kobold closely misses you.
A gnoll comes into view. It is wielding a +0 spear.
The adder bites you but does no damage. The kobold hits you with a +0 club.
The gnoll moves out of view.
A gnoll comes into view. It is wielding a +0 spear.
Aiming: Spit Poison (2% risk of failure)
Press: ? - help, Shift-Dir - straight line, f/p - adder
Aim: an adder (37% to hit)
The splash of poison misses the adder.
You feel sick.
The gnoll shouts!
The adder barely misses you. The kobold hits you with a +0 club.
A gnoll comes into view. It is wielding a +0 halberd.
The kobold attacks as you move away! The kobold hits you with a +0 club.
You feel sick. The adder bites you but does no damage.
Fire: a) +2 sling
Press: ? - help, Shift-Dir - straight line, f/p - adder
Aim: an adder (38% to hit)
You shoot a sling bullet. The sling bullet hits the adder.
The adder is moderately wounded.
You feel sick.
You are no longer poisoned.
The adder bites you.
* * * LOW HITPOINT WARNING * * *
The adder barely misses you.
The gnoll hits you from afar with a +0 spear.
* * * LOW HITPOINT WARNING * * *
Fire: a) +2 sling
Press: ? - help, Shift-Dir - straight line, f/p - adder
Aim: an adder (moderately wounded, 38% to hit)
You shoot a sling bullet.
The sling bullet barely misses the adder.
The sling bullet closely misses the kobold.
You have got your breath back.
The adder bites you.
* * * LOW HITPOINT WARNING * * *
The gnoll hits you from afar with a +0 spear.
* * * LOW HITPOINT WARNING * * *
The adder bites you.
You die...

.># . #.#
.#####.#
#####
[.....##.....
#...........
#..........g
#...Kg....gg
#S# #@# #(#
#### #.#
##...##.#
........#
........#
..###.).#
#...# ###.#


You could see a gnoll, an adder and a kobold.

Vanquished Creatures
  A worm (D:2)
  2 ball pythons (D:2)
  A bat (D:1)
  4 endoplasms
  4 goblins
  4 hobgoblins
  3 jackals (D:1)
  4 kobolds (D:1)
  A quokka (D:1)
  A frilled lizard (D:2)
  3 rats (D:1)
28 creatures vanquished.

Notes
Turn   | Place    | Note
-------+----------+-------------------------------------------
     0 | D:1      | CaptainMV the Naga Wanderer began the quest for the Orb.
     0 | D:1      | CaptainMV set off with the following items: a +2 sling, a
                  | +0 hand axe, a wand of flame (7), a potion of attraction, a
                  | +0 leather armour.
     0 | D:1      | Reached XP level 1. HP: 15/15 MP: 1/1
    67 | D:1      | Reached XP level 2. HP: 13/22 MP: 2/2
   340 | D:1      | Reached XP level 3. HP: 21/28 MP: 3/3
   965 | D:2      | Slain by an adder

Illustrated notes

Levels and vault maps discovered:
D:1:      amcnicky_arrival_feature_with_door, layout_basic
D:2:      layout_basic, serial_curves, eino_curves_01, eino_curves_01

Skill      XL: |  1 |
---------------+----+-----
Ranged Weapons | 2 |  2.8
Fighting       | |  0.1
Axes           | |  3.2
Throwing       | |  1.0
Armour         | |  1.0
Dodging        | |  0.1
Stealth        | |  0.4
Evocations     | |  3.2

Action                     || total
---------------------------++-------
   Fire: Sling             ||    67
Ability: Spit Poison       ||     7
    Use: Scroll            ||     6
 Armour: Leather armour    ||    11
  Dodge: Dodged            ||    29
